Map: Lost and Found LE

Players

soul

  • Race: Terran Terran
  • Spawn Location: 1:00

Reynor - Winner!

  • Race: Zerg Zerg
  • Spawn Location: 7:00

Event: WCS Montreal 2018

VOD

Have the link to the VOD?

Description

Time

  • Played on: Sept. 7, 2018, 12:41 p.m.
  • Length: 10:15

All games in this series

Show
View Real Time Build Order
Export as new Build Order

soul Terran 

Build Orders: Gas First Reaper Expand, Liberator Opening, Reaper Expand, MMM Bio 

Get SALT Encoding   

  12  0:00  SCV  
  13  0:12  SCV  
  14  0:18  Supply Depot  
  14  0:25  SCV  
  15  0:33  Refinery  
  15  0:40  SCV  
  16  0:44  Barracks  
  16  0:52  SCV  
  17  1:04  SCV  
  18  1:16  SCV  
  19  1:30  Reaper  
  19  1:31  Orbital Command  
  20  1:42  Command Center  
  20  1:54  Factory  
  20  1:56  SCV  
  20  2:01  Refinery  
  21  2:08  SCV  
  21  2:11  Barracks Reactor  
  21  2:15  Supply Depot  
  22  2:20  SCV  
  24  2:37  SCV  
  24  2:39  Starport  
  24  2:50  SCV  
  29  2:51  Hellion x2  
  29  2:54  Orbital Command  
  29  2:56  Marine  
  30  2:59  Liberator  
  30  3:12  Hellion x2  
  37  3:28  Armory  
  37  3:34  Hellion x2  
  41  3:35  Barracks Tech Lab  
  41  3:38  Supply Depot  
  41  3:41  SCV  
  42  3:43  SCV  
  43  3:53  SCV  
  43  3:55  Hellion  
  46  4:00  Hellion  
  49  4:05  SCV  
  49  4:06  Banshee, Cloaking Field  
  53  4:10  SCV  
  53  4:17  SCV  
  54  4:28  Supply Depot  
  54  4:34  SCV x2  
  54  4:37  Hellion  
  51  4:42  Hellion  
  44  4:46  SCV x2  
  44  4:50  Banshee  
  44  4:52  Supply Depot  
  49  4:58  SCV x2, Command Center  
  51  5:02  Barracks Tech Lab  
  51  5:10  SCV x2  
  51  5:12  Factory Reactor  
  53  5:21  Stimpack, Marine  
  54  5:22  SCV, Barracks x2  
  54  5:25  SCV  
  56  5:30  Engineering Bay  
  56  5:31  Engineering Bay  
  56  5:34  SCV  
  57  5:38  SCV, Marine  
  57  5:40  Refinery  
  57  5:41  Refinery  
  59  5:43  Supply Depot  
  59  5:48  SCV  
  59  5:49  Starport Reactor  
  60  5:50  SCV  
  60  5:56  Marine  
  56  5:58  Terran Infantry Armor Level 1, Terran Infantry Weapons Level 1  
  56  6:00  SCV  
  56  6:02  SCV  
  56  6:09  Marine  
  56  6:10  Marine  
  58  6:11  Orbital Command  
  58  6:12  SCV  
  58  6:14  SCV, Marine  
  60  6:21  Marine x2  
  60  6:23  Siege Tank  
  60  6:24  SCV  
  66  6:25  Medivac x2  
  66  6:27  SCV, Marine x2  
  66  6:32  Marine  
  74  6:36  SCV  
  74  6:39  SCV, Marine x2  
  78  6:45  Marine x2  
  77  6:49  SCV  
  77  6:50  Marine  
  71  6:57  Marine x2  
  70  7:03  Marine x2  
  70  7:08  Marine  
  67  7:12  Orbital Command  
  67  7:15  Marine x2  
  69  7:17  SCV  
  69  7:21  Medivac x2, Marine x2  
  76  7:23  Barracks  
  76  7:24  Barracks  
  76  7:25  Combat Shields, Marine  
  77  7:33  Marine x2  
  79  7:37  SCV x2, Supply Depot  
  79  7:38  Marine  
  79  7:40  Marine  
  79  7:43  Marine  
  85  7:50  Marine, Supply Depot x2  
  85  7:59  SCV x2, Marine x3  
  85  8:01  Marine  
  91  8:08  Marine  
  91  8:11  SCV  
  90  8:13  Barracks Reactor x2  
  90  8:15  SCV  
  90  8:16  Marine x3  
  90  8:19  Marine  
  95  8:23  SCV  
  95  8:26  Marine  
  97  8:27  SCV  
  97  8:28  Orbital Command  
  96  8:34  Marine x3  
  96  8:37  Marine  
  96  8:40  SCV x2  
  99  8:44  Marine  
  99  8:45  Siege Tank  
  97  8:50  Marine  
  97  8:52  Marine x3  
  97  8:54  Marine  
  102  8:56  SCV  
  102  8:57  SCV x2, Supply Depot x2  
  102  9:00  Marine x2  
  102  9:02  Marine  
  108  9:05  Medivac x2  
  108  9:08  SCV  
  108  9:09  SCV x2  
  116  9:10  Marine  
  117  9:18  Marine x2  
  117  9:21  SCV x3  
  121  9:25  Command Center, Marine  
  121  9:28  Marine  
  121  9:29  Marine  
  124  9:33  SCV x2  
  113  9:47  SCV x3  
  113  9:48  Command Center  
  113  9:56  Marine  
  113  9:59  SCV x2  
Show
View Real Time Build Order
Export as new Build Order

Reynor Zerg - Winner!

Build Orders: Hatch First 

Get SALT Encoding   

  12  0:01  Drone  
  13  0:12  Overlord  
  13  0:16  Drone  
  14  0:30  Drone x2  
  16  0:49  Hatchery  
  15  0:50  Drone  
  15  0:55  Drone  
  17  0:58  Drone  
  18  1:08  Extractor  
  17  1:14  Spawning Pool  
  17  1:16  Drone  
  17  1:19  Drone  
  18  1:28  Drone  
  19  1:39  Drone  
  20  1:55  Hatchery  
  20  2:01  Zergling x4, Queen  
  21  2:05  Drone  
  24  2:14  Queen  
  26  2:20  Overlord  
  26  2:26  Metabolic Boost  
  26  2:29  Drone  
  27  2:32  Drone  
  28  2:41  Drone x3  
  31  2:47  Queen  
  34  2:51  Drone  
  34  2:52  Drone  
  34  2:57  Zergling x2  
  36  3:00  Overlord  
  36  3:06  Queen  
  36  3:09  Drone  
  36  3:10  Drone  
  40  3:13  Drone  
  40  3:15  Drone  
  40  3:18  Zergling x4  
  44  3:24  Queen  
  46  3:27  Drone  
  46  3:28  Drone  
  46  3:31  Overlord  
  48  3:34  Drone  
  48  3:35  Drone  
  50  3:42  Overlord  
  50  3:50  Drone x5  
  50  3:51  Drone x2  
  50  3:54  Drone  
  58  3:56  Overlord  
  58  4:01  Zergling x4  
  60  4:03  Drone x3  
  60  4:05  Zergling x2  
  60  4:08  Zergling x4  
  66  4:12  Lair  
  66  4:17  Spore Crawler x2  
  65  4:21  Queen  
  65  4:23  Zergling x4  
  67  4:38  Zergling x8  
  65  4:40  Drone x3  
  65  4:44  Drone x5  
  67  4:46  Drone x2  
  67  4:48  Drone x2  
  67  4:51  Extractor, Zergling x2  
  71  4:53  Extractor  
  71  4:55  Zergling x2  
  71  4:57  Queen  
  71  4:58  Baneling Nest  
  72  5:00  Zergling x2  
  72  5:01  Drone  
  72  5:05  Evolution Chamber  
  72  5:06  Spore Crawler, Evolution Chamber, Drone  
  72  5:09  Zergling x2  
  72  5:11  Overseer  
  72  5:13  Drone  
  74  5:16  Overlord  
  74  5:19  Extractor  
  74  5:20  Overlord  
  73  5:22  Zergling x2  
  73  5:24  Overlord  
  74  5:28  Overlord  
  74  5:32  Evolution Chamber  
  73  5:36  Drone x6  
  73  5:37  Drone  
  73  5:38  Overlord  
  73  5:39  Drone  
  73  5:41  Zerg Ground Armor Level 1  
  73  5:42  Zerg Melee Weapons Level 1  
  82  5:43  Zergling x2  
  82  5:44  Zergling x2  
  82  5:47  Zergling x2  
  85  5:53  Drone  
  85  5:54  Drone x5  
  85  5:55  Drone  
  88  6:01  Zergling x6  
  88  6:03  Centrifical Hooks  
  91  6:09  Zergling x6  
  94  6:15  Hatchery, Zergling x2  
  94  6:18  Zergling x4  
  96  6:19  Baneling  
  96  6:20  Baneling x3  
  96  6:21  Baneling  
  96  6:22  Zergling x4  
  96  6:24  Extractor  
  97  6:26  Overlord  
  97  6:28  Zergling x6, Hydralisk Den  
  97  6:29  Zergling x2  
  100  6:33  Overlord  
  95  6:42  Zergling x6  
  95  6:43  Zergling x2  
  95  6:45  Zergling x6  
  97  6:49  Zergling x2  
  97  6:50  Zergling x2  
  94  6:54  Zergling x6  
  94  6:55  Zergling x2  
  94  6:56  Drone  
  94  6:57  Drone x2  
  95  7:04  Zergling x4  
  95  7:08  Zergling x2  
  93  7:11  Drone  
  93  7:12  Drone  
  93  7:13  Drone x2  
  93  7:14  Zergling x2  
  93  7:16  Hatchery  
  93  7:17  Drone  
  93  7:20  Muscular Augments  
  93  7:23  Zergling x2  
  93  7:24  Hydralisk  
  93  7:26  Drone  
  97  7:32  Drone  
  97  7:35  Drone  
  98  7:37  Drone  
  98  7:42  Drone  
  98  7:43  Drone x2  
  102  7:45  Drone x3  
  102  7:48  Zerg Melee Weapons Level 2, Zerg Ground Armor Level 2  
  102  7:49  Zergling x2  
  102  7:51  Hydralisk x5  
  106  7:57  Baneling  
  106  7:58  Baneling x2, Hatchery  
  116  7:59  Hydralisk  
  116  8:00  Zergling x8  
  116  8:01  Hydralisk  
  116  8:02  Zergling x2  
  124  8:07  Hydralisk  
  124  8:11  Overlord x3  
  125  8:16  Spore Crawler  
  125  8:18  Overlord  
  123  8:29  Hydralisk x2  
  123  8:30  Zergling x10  
  123  8:32  Hydralisk x2  
  123  8:33  Hydralisk, Zergling x4  
  139  8:35  Hydralisk  
  139  8:38  Hydralisk  
  139  8:39  Zergling x6  
  139  8:42  Hydralisk x2, Drone x3  
  139  8:44  Zergling x2  
  139  8:45  Overlord  
  147  8:54  Zergling x4  
  147  8:55  Zergling x16  
  153  8:58  Overlord  
  153  9:01  Grooved Spines  
  153  9:05  Infestation Pit, Zergling x6  
  153  9:06  Zergling x2  
  153  9:07  Baneling x6  
  156  9:11  Zergling x10  
  161  9:20  Drone x6  
  161  9:24  Zergling x12  
  170  9:35  Zergling x16  
  174  9:42  Zergling x8  
  174  9:44  Zergling x6  
  177  9:48  Baneling x10  
  177  9:49  Baneling x3  
  170  9:57  Zergling x20  
Tags
 
Add a new tag
Caveats
  • Supply blocks, unpowered buildings, or Contaminate may cause inaccurate times.
  • Supply counts are checked every 10 seconds.